 Dungeon Crawl Stone Soup version 0.30.1-9-gdf580d7c3d (webtiles) character file.

Game seed: 13309504822512562945

63 vazup the Chopper (level 3, -7/33 HPs)
             Began as a Minotaur Berserker on Sept 28, 2023.
             Was a Believer of Trog.
             Mangled by Crazy Yiuf
             ... wielding a +2 quarterstaff of chaos
              (8 damage)
             ... on level 2 of the Dungeon.
             The game lasted 00:05:45 (1380 turns).

vazup the Chopper (Minotaur Berserker)              Turns: 1380, Time: 00:05:45

Health: -7/33      AC:  6    Str: 23    XL:     3   Next: 89%
Magic:  2/2        EV: 10    Int:  4    God:    Trog [**....]
Gold:   79         SH:  0    Dex:  9    Spells: 2/2 levels left

rFire   . . .        a - +0 hand axe
rCold   . . .        (no shield)
rNeg    . . .        e - +0 scale mail
rPois   .            (helmet restricted)
rElec   .            (no cloak)
rCorr   .            (no gloves)
SInv    .            (no boots)
Will    .....        (no amulet) Stlth
                     (no ring)
HPRegen 0.25/turn    (no ring)
MPRegen 0.08/turn

%: no passive effects
@: no status effects
A: horns 2, retaliatory headbutt
a: Renounce Religion, Berserk, Trog's Hand


You were on level 2 of the Dungeon.
You worshipped Trog.
Trog was pleased with you.
You visited 1 branch of the dungeon, and saw 2 of its levels.

You collected 79 gold pieces.

Inventory:

Hand Weapons
 a - a +0 hand axe (weapon)
Armour
 e - a +0 scale mail (worn)
Scrolls
 b - a scroll of amnesia {unknown}
 c - 2 scrolls of summoning {unknown}
 g - a scroll of immolation {unknown}
 i - a scroll of teleportation {unknown}
 j - a scroll of silence {unknown}
 k - a scroll of poison {unknown}
 l - a scroll of identify {unknown}
Potions
 d - a potion of magic {unknown}
 f - 4 potions of curing {unknown}
 h - a potion of degeneration {unknown}


   Skills:
 - Level 3.7 Fighting
 + Level 5.8 Axes
 - Level 2.4 Armour
 - Level 2.2 Dodging


You had 2 spell levels left.
You didn't know any spells.
Your spell library was empty.

Dungeon Overview and Level Annotations

Branches:
Dungeon (2/15)

Altars:
Vehumet

Shops:
D:1 [

Annotations:
D:2 Crazy Yiuf


Innate Abilities, Weirdness & Mutations

You have a pair of horns on your head.
You reflexively headbutt those who attack you in melee.


Message History

The bat barely misses you. You furiously retaliate!
You headbutt the bat.
You kill the bat!
Trog accepts your kill.
You see here a bat corpse.
There is a stone staircase leading down here.
You see here a +0 mace.
There is a stone staircase leading up here.
Crazy Yiuf shouts!
Crazy Yiuf laughs, "Buddy sow down!"
No reachable target in view!
Could not explore, unopened runed door.
Could not explore, unopened runed door.
No reachable target in view!
As you open the door, it creaks loudly!
Crazy Yiuf says, "Announcement!
Nubble fast leg."
You slash Crazy Yiuf! Your headbutt misses Crazy Yiuf.
Crazy Yiuf is heavily wounded.
Crazy Yiuf hits you with a +2 quarterstaff of chaos!
Crazy Yiuf freezes you.
You hit Crazy Yiuf.
Crazy Yiuf is severely wounded.
Crazy Yiuf hits you with a +2 quarterstaff of chaos.
Crazy Yiuf burns you.
You barely miss Crazy Yiuf.
Crazy Yiuf is severely wounded.
Crazy Yiuf hits you with a +2 quarterstaff of chaos.
You suddenly lose the ability to move!
Crazy Yiuf hits you with a +2 quarterstaff of chaos.
Crazy Yiuf completely misses you.
You can move again.
You are too injured to fight recklessly!
You are too injured to fight recklessly!
You are too injured to fight recklessly!
Unknown command.
You barely miss Crazy Yiuf.
Crazy Yiuf is severely wounded.
Crazy Yiuf hits you with a +2 quarterstaff of chaos!
* * * LOW HITPOINT WARNING * * *
You are electrocuted!
You die...

.).........###....####...##......
.......###.# ##..## #...##......
.##.#.## #.# #....# #...##......
###...####.# #...## #...########
# ##.......# ##.## ##### #
######### #.## # ##.# # #.## ##@#
#g# ... #...# #..)# #####


You could see Crazy Yiuf.

Vanquished Creatures
  An adder (D:2)
  2 dart slugs
  2 ball pythons
  4 endoplasms
  2 giant cockroaches (D:1)
  3 goblins
  8 hobgoblins
  6 jackals
  A quokka (D:1)
  A ball python zombie (D:2)
  2 bats
  2 frilled lizards
  5 kobolds
  A quokka zombie (D:2)
  3 rats
43 creatures vanquished.

Notes
Turn   | Place    | Note
-------+----------+-------------------------------------------
     0 | D:1      | vazup the Minotaur Berserker began the quest for the Orb.
     0 | D:1      | Reached XP level 1. HP: 19/19 MP: 0/0
    91 | D:1      | Reached skill level 4 in Axes
   117 | D:1      | Reached XP level 2. HP: 24/27 MP: 1/1
   257 | D:1      | Noticed a shining eye
   260 | D:1      | Found a faded altar of an unknown god.
   261 | D:1      | Noticed a floating eye
   261 | D:1      | Noticed a great orb of eyes
   261 | D:1      | Noticed a golden eye
   348 | D:1      | Found Xysutuc's Antique Armour Shoppe.
   746 | D:2      | Reached skill level 5 in Axes
   746 | D:2      | Reached XP level 3. HP: 33/33 MP: 2/2
   796 | D:2      | Reached ** piety under Trog
   835 | D:2      | Found a runed translucent door.
   836 | D:2      | Noticed Crazy Yiuf
   861 | D:2      | Found a radiant altar of Vehumet.
  1377 | D:2      | Paralysed by Crazy Yiuf for 3 turns
  1380 | D:2      | HP: 1/33 [Crazy Yiuf/+2 quarterstaff of chaos (10)]
  1380 | D:2      | Mangled by Crazy Yiuf

Illustrated notes

Levels and vault maps discovered:
D:1:      minmay_arrival_shattered_statue, layout_basic, serial_shops,
          nicolae_shop_hallway_stairs, hellmonk_ecumenical_altar_watching_god
D:2:      layout_rooms, serial_undead, serial_undead_e, serial_undead_e,
          serial_undead_d, serial_undead_d, basic_altar, uniq_crazy_yiuf_cottage

Skill      XL: |  1  2 |
---------------+-------+-----
Axes           | 4 5 |  5.8
Fighting       | |  3.7
Armour         | |  2.4
Dodging        | |  2.2

Action                     || total
---------------------------++-------
  Melee: Hand axe          ||    85
         Headbutt          ||    17
 Armour: Animal skin       ||     2
         Scale mail        ||    17
  Dodge: Dodged            ||    45
